 Dungeon Crawl Stone Soup version 0.29-a0-824-gd827844252 (webtiles) character file.

Game seed: 8645186563806142164

545 jimonade the Magician (level 7, 0/50 HPs)
             Began as a Djinni Fire Elementalist on July 9, 2022.
             Was an Initiate of Makhleb.
             Slain by a gnoll
             ... wielding a +0 halberd
              (14 damage)
             ... on level 4 of the Dungeon.
             The game lasted 00:13:07 (5377 turns).

jimonade the Magician (Djinni Fire Elementalist)    Turns: 5377, Time: 00:13:08

Health: 0/50       AC:  7    Str:  9    XL:     7   Next: 53%
Gold:   244        EV: 11    Int: 16    God:    Makhleb [......] SH:  3 Dex: 14

rFire   + + .      SeeInvis .   i - +1 short sword (venom)
rCold   x . .      Faith    .   D - +0 buckler
rNeg    . . .      Spirit   .   r - +2 leather armour {Will+}
rPois   ∞          Reflect  .   s - +2 hat
rElec   .          Harm     .   (no cloak)
rCorr   .          Rampage  .   (no gloves)
Will    +....                   (boots unavailable)
Stlth   ++........              (no amulet)
HPRegen 0.16/turn               (no ring)
MPRegen 0.00/turn               (no ring)

@: flying, very slightly contaminated
A: sickness immunity, fire resistance 2, cold vulnerability 1, float, innate
caster, HP casting, extra vitality 1
a: Renounce Religion


You were on level 4 of the Dungeon.
You worshipped Makhleb.
Makhleb was noncommittal.
You visited 1 branch of the dungeon, and saw 4 of its levels.

You collected 244 gold pieces.

Inventory:

Hand Weapons
 g - a +0 halberd
 i - a +1 short sword of venom (weapon)
 t - a +1 falchion of electrocution
 B - a +0 spear
 C - a +0 sling
Missiles
 b - 2 javelins
 k - 12 poisoned darts
 A - 29 stones
Armour
 a - a +0 robe
 f - a +0 helmet
 j - a +0 leather armour
 m - a +0 scale mail
 o - a +6 plate armour of ponderousness
 r - a +2 leather armour of willpower (worn)
 s - a +2 hat (worn)
 u - a +0 chain mail
 D - a +0 buckler (worn)
Jewellery
 F - a ring of positive energy
Wands
 E - a wand of polymorph (2)
Scrolls
 c - a scroll of identify
 n - 2 scrolls of enchant armour {unknown}
 p - a scroll of fear {unknown}
 v - a scroll of fog {unknown}
 w - a scroll of enchant weapon {unknown}
 y - a scroll of torment {unknown}
Potions
 d - a potion of might {unknown}
 e - 3 potions of lignification
 h - a potion of curing {unknown}
 l - a potion of invisibility {unknown}
 q - 3 potions of heal wounds {unknown}
 x - a potion of attraction {unknown}
 z - a potion of berserk rage {unknown}


   Skills:
 * Level 3.2 Fighting
 + Level 1.6 Armour
 + Level 3.0 Dodging
 - Level 1.5 Stealth
 + Level 5.1 Spellcasting


You couldn't memorise any spells.
You knew the following spells:

 Your Spells              Type           Power      Damage    Failure   Level
a - Foxfire               Conj/Fire      80%        2x1d8     3%          1
b - Scorch                Fire           40%        2d7       5%          2
c - Conjure Flame         Conj/Fire      20%        6-21      11%         3
d - Inner Flame           Hex/Fire       20%        N/A       11%         3
e - Flame Wave            Conj/Fire      20%        2d7       34%         4
f - Necrotise             Necr           80%        1d8       3%          1
g - Wereblood             Tmut           20%        N/A       5%          2
h - Call Canine Familiar  Summ           20%        N/A       11%         3
Your spell library was empty.

Dungeon Overview and Level Annotations

Branches:
Dungeon (4/15)
 Temple: D:4-7

Altars:
Makhleb

Shops:
D:2 =


Innate Abilities, Weirdness & Mutations

You are immune to sickness and miasma.
You are immune to poison.
Your flesh is very heat resistant. (rF++)
You are vulnerable to cold. (rC-)
You float through the air rather than walking.
You learn spells naturally, not from books.
Your magical power is your life essence.
You have superior vitality. (+4 MHP)


Message History

The gnoll's fire resistance burns away.
The gnoll hits you but does no damage.
Casting: Scorch (safe; 5% risk of failure)
Confirm with . or Enter, or press ? or * to list all spells.
Flames lash the gnoll.
The gnoll is severely wounded.
The gnoll's fire resistance burns away.
The gnoll hits you from afar with a +0 halberd.
The gnoll hits you with a +0 club.
Casting: Scorch (safe; 5% risk of failure)
Confirm with . or Enter, or press ? or * to list all spells.
Flames lash the gnoll.
The gnoll is burned terribly!
The gnoll is almost dead.
You block the gnoll's attack. The gnoll hits you with a +0 club.
Casting: Scorch (safe; 5% risk of failure)
Confirm with . or Enter, or press ? or * to list all spells.
Flames lash the gnoll.
The gnoll is burned terribly!
You kill the gnoll!
Makhleb accepts your kill.
The gnoll hits you from afar with a +0 halberd!
Casting: Scorch (safe; 5% risk of failure)
Confirm with . or Enter, or press ? or * to list all spells.
You miscast Scorch.
You are very lightly contaminated with residual magic.
Nothing appears to happen.
The gnoll hits you from afar with a +0 halberd.
Unknown command.
Casting: Scorch (safe; 5% risk of failure)
Confirm with . or Enter, or press ? or * to list all spells.
Flames lash the gnoll.
The gnoll is heavily wounded.
The gnoll's fire resistance burns away.
The gnoll closely misses you.
Casting: Scorch (safe; 5% risk of failure)
Confirm with . or Enter, or press ? or * to list all spells.
Flames lash the gnoll.
The gnoll is heavily wounded.
The gnoll's fire resistance burns away.
* * * LOW HITPOINT WARNING * * *
The gnoll is no longer more vulnerable to fire.
The gnoll hits you from afar with a +0 halberd!
You die...

## ###### .. #....## .#
......## .#
#......############.###.##
.)..............@)gg......
#....#..#....##.###g..#.##
#....##.#....##.# ##.#
.....##.#....##.# ..
.....##.#........ ##
.....##..........
.....###).....[... .....#
#.....##.## #### .....#
##.#####.# #...#


You could see 3 gnolls.

Vanquished Creatures
  2 necrophages
  A scorpion (D:3)
  A jelly (D:3)
  Jessica (D:3)
  Terence (D:3)
  2 iguanas
  5 gnolls
  6 adders
  2 river rats (D:3)
  A worm (D:3)
  2 dart slugs
  9 orcs
  7 bats
  6 endoplasms
  7 giant cockroaches
  10 goblins
  9 hobgoblins
  3 jackals (D:2)
  6 quokkas
  4 ball pythons
  A frilled lizard (D:1)
  6 kobolds
  7 rats
99 creatures vanquished.

Vanquished Creatures (others)
  71 foxfires
71 creatures vanquished.

Grand Total: 170 creatures vanquished

Notes
Turn   | Place    | Note
-------+----------+-------------------------------------------
     0 | D:1      | jimonade the Djinni Fire Elementalist began the quest for
                  | the Orb.
     0 | D:1      | jimonade set off with the following spells memorised:
                  | Foxfire, Scorch, Conjure Flame, Inner Flame, Flame Wave.
     0 | D:1      | Reached XP level 1. HP: 15/15 MP: 0/0
   331 | D:1      | Reached XP level 2. HP: 21/22 MP: 0/0
   527 | D:1      | Found a faded altar of an unknown god.
   794 | D:2      | Reached skill level 1 in Fighting
   794 | D:2      | Reached skill level 3 in Spellcasting
   794 | D:2      | Reached XP level 3. HP: 19/27 MP: 0/0
   794 | D:2      | Learned a level 1 spell: Necrotise
  1195 | D:2      | Found Qegoudoh's Jewellery Shop.
  1213 | D:2      | Reached XP level 4. HP: 29/32 MP: 0/0
  2245 | D:3      | Reached XP level 5. HP: 19/38 MP: 0/0
  2245 | D:3      | Learned a level 2 spell: Wereblood
  2635 | D:3      | Noticed Jessica
  2644 | D:3      | Reached skill level 4 in Spellcasting
  2661 | D:3      | Killed Jessica
  2662 | D:3      | Reached XP level 6. HP: 12/43 MP: 0/0
  2896 | D:3      | Noticed Terence
  2903 | D:3      | Killed Terence
  3451 | D:3      | Reached skill level 1 in Armour
  3588 | D:3      | Reached XP level 7. HP: 25/49 MP: 0/0
  3588 | D:3      | Learned a level 3 spell: Call Canine Familiar
  4842 | D:4      | Reached skill level 5 in Spellcasting
  5038 | D:4      | Found a burning altar of Makhleb.
  5048 | D:4      | Became a worshipper of Makhleb the Destroyer
  5377 | D:4      | Slain by a gnoll

Illustrated notes

Levels and vault maps discovered:
D:1:      dpeg_arrival_rooms_a, layout_rooms, chequers_ecumenical_altar_island
D:2:      layout_basic, serial_shops, nicolae_shop_statue_plus, st_stairs_9
D:3:      layout_basic, portal_sewer_entry_e, wad_floor_pattern_2,
          minmay_joined_circles, uniq_jessica, uniq_terence
D:4:      layout_basic, bloody_makhleb

Skill      XL: |  1  2  3  4  5  6  7 |
---------------+----------------------+-----
Fighting       | 1 2 3 |  3.2
Spellcasting   | 3 4 5 |  5.1
Dodging        | 3 |  3.0
Armour         | 1 |  1.6
Stealth        | |  1.5

Action                   |  1- 3 |  4- 6 |  7- 9 || total
-------------------------+-------+-------+-------++-------
Melee: Short sword       |    22 |    39 |    27 ||    88
 Cast: Foxfire           |    31 |     7 |     3 ||    41
       Scorch            |     4 |    57 |    44 ||   105
  Use: Scroll            |       |     2 |       ||     2
 Stab: Sleeping          |     1 |     1 |       ||     2
       Distracted        |       |       |     1 ||     1
Armor: Robe              |     8 |     4 |       ||    12
       Leather armour    |       |     7 |    12 ||    19
Dodge: Dodged            |    17 |    36 |    29 ||    82
Block: Buckler           |       |       |     1 ||     1

Table legend: (Time is in decaauts)
 A = Elapsed time spent in this place.
 B = Non-inter-level travel time spent in this place.
 C = Inter-level travel time spent in this place.
 D = Time resting spent in this place.
 E = Time spent auto-exploring this place.
 F = Levels seen in this place.
 G = Mean time per level.
                   A        B        C        D        E       F      G
               +--------+--------+--------+--------+--------+-----+--------+
         Total |   5386 |   5160 |    226 |   1559 |   2578 |   4 | 1346.5 |
       Dungeon |   5386 |   5160 |    226 |   1559 |   2578 |   4 | 1346.5 |
               +--------+--------+--------+--------+--------+-----+--------+

Top non-repeatable levels by time:
     D:3: 2322 daAuts
     D:2: 1628 daAuts
     D:1: 876 daAuts
     D:4: 559 daAuts
